Unix NetHack Version 3.7.0-89 Work-in-progress - last build Sep 7 2023 15:16:41 (8494bff02b67719303c47e298deaa89034127798,branch:master). Game began 2023-09-17 19:20:37, ended 2023-09-19 20:51:31. torpedojuice, lawful female elven Wizard @ @--------- |.....A.| |.A.....| ----- L @ @ |q.._...| |... A |..@....| A - --..---------A A @ | |....d..| | ..-- --.@.|.......| @ A @ @ |. ----.---- .| ...A.---@a..|...@...| D @ A & @ |...)..A%.....| .@@@..@Da..a@AA.A@...| B @ @ B A D ---.........--- B .....a.---A...|.......| A A @ -----|----- ......-- --..A|....@..| A ...)...- --.---- --..---------@ @ --- ........ -------...- |... @ ..A| ....&.[. |..@A...... ----- -...-- .@@AA...--AAAAA%.... @ |....--..AAA..--AT@.A..... ---...----!----.......... |......A.........A... A ---------------- Torpedojuice the Sorceress St:18 Dx:22 Co:16 In:20 Wi:20 Ch:12 Lawful Astral Plane $:0 HP:270(290) Pw:234(241) AC:-31 Xp:19/2613732 T:33847 Blind Latest messages: The Angel of Anhur wields a long sword! The Angel of Moloch drinks a potion of healing! The Angel of Moloch looks better. You hear an Angel of Moloch reading a scroll of create monster. There is a high altar to Ptah (lawful) here. There is a high altar to Ptah (lawful) here. There is a high altar to Ptah (lawful) here. There is a high altar to Ptah (lawful) here. There is a high altar to Ptah (lawful) here. There is a high altar to Ptah (lawful) here. There is a high altar to Ptah (lawful) here. There is a high altar to Ptah (lawful) here. There is a high altar to Ptah (lawful) here. There is a high altar to Ptah (lawful) here. What do you want to use or apply? [beks-vzMOU or ?*] c - an uncursed +0 helm of opposite alignment. What do you want to take off? [CDEFG or ?*] You finish taking off your helm. What do you want to wear? [cF or ?*] The Angel of Thoth zaps you with a magic missile! The magic missile hits you! But it reflects from your armor! The Angel of Thoth zaps you with a magic missile! The magic missile misses the Angel of Thoth. The magic missile whizzes by you! The magic missile hits the high priest of Ptah! The priestess of Thoth zaps a wand of cold! The bolt of cold hits the Angel of Thoth. But it reflects from the Angel of Thoth's shield! The bolt of cold hits the priestess of Thoth! The giant ant is killed by the bolt of cold! The priest of Anhur swings his mace. The priest of Anhur misses! The priest of Anhur misses! The priest of Anhur casts a spell at you! Scales cover your eyes! You finish your dressing maneuver. Your mind oscillates briefly. You are blasted by the Eye of the Aethiopica's power! The helm of opposite alignment vibrates for a moment. You try to feel what is lying here on the altar. There is a high altar to Ptah (lawful) here. You feel no objects here. What do you want to sacrifice? [i or ?*] You offer the Amulet of Yendor to Ptah... An invisible choir sings, and you are bathed in radiance... The voice of Ptah booms out: "Mortal, thou hast done well!" "In return for thy service, I grant thee the gift of Immortality!" You ascend to the status of Demigoddess... Do you want your possessions identified? [ynq] (y) Inventory: Amulets T - the blessed Eye of the Aethiopica Z - an uncursed amulet of life saving (being worn) Weapons a - the blessed rustproof +6 Magicbane (weapon in hand) Armor c - a cursed +0 helm of opposite alignment (being worn) A - a blessed +4 Hawaiian shirt with a toucan motif named "toucans on a geometric background" (being worn) B - a blessed greased +4 silver dragon scale mail (being worn) C - a blessed greased fireproof +5 cloak of magic resistance (being worn) D - a blessed fireproof +4 pair of speed boots (being worn) E - a blessed fireproof +5 pair of gauntlets of dexterity (being worn) F - a blessed greased rustproof +5 helm of caution G - a blessed fireproof +5 small shield (being worn) Comestibles L - an uncursed lizard corpse named kebabtallrik Rings f - a blessed ring of conflict (on left hand) w - a blessed ring of free action (on right hand) X - a blessed ring of shock resistance Wands z - an uncursed wand of digging (0:5) M - an uncursed wand of teleportation (0:5) O - an uncursed wand of death (0:7) Tools b - a blessed greased bag of holding containing 82 items e - a blessed stethoscope k - an uncursed skeleton key s - an uncursed oilskin sack named cancellation containing 2 items t - a blessed towel u - a blessed +0 unicorn horn v - a blessed magic lamp (lit) U - the uncursed Bell of Opening (0:1) Gems/Stones x - a blessed luckstone Contents of the bag of holding: an uncursed amulet of magical breathing an uncursed +0 pair of water walking boots 9 uncursed food rations 3 uncursed lumps of royal jelly an uncursed lizard corpse named KFC 22 uncursed scrolls of blank paper a cursed scroll of blank paper 2 blessed scrolls of charging 6 uncursed scrolls of earth an uncursed scroll of enchant armor 2 blessed scrolls of enchant weapon an uncursed scroll of enchant weapon 4 uncursed scrolls of fire 3 blessed scrolls of remove curse 2 blessed scrolls of scare monster 3 uncursed scrolls of scare monster an uncursed scroll of scare monster 3 uncursed scrolls of taming a blessed spellbook of finger of death an uncursed spellbook of magic missile an uncursed diluted potion of extra healing 3 blessed diluted potions of full healing an uncursed diluted potion of full healing an uncursed potion of healing 3 uncursed potions of paralysis a blessed potion of restore ability 27 potions of holy water 4 potions of unholy water an uncursed ring of conflict an uncursed ring of conflict an uncursed ring of free action a blessed ring of levitation an uncursed ring of levitation an uncursed ring of regeneration an uncursed ring of regeneration an uncursed ring of shock resistance an uncursed ring of shock resistance an uncursed ring of slow digestion an uncursed ring of teleport control an uncursed ring of teleport control an uncursed wand of cold (0:6) an uncursed wand of cold (0:5) an uncursed wand of cold (0:5) an uncursed wand of cold (0:1) an uncursed wand of death (0:0) an uncursed wand of digging (0:7) an uncursed wand of digging (0:6) an uncursed wand of digging (0:6) an uncursed wand of digging (0:6) an uncursed wand of digging (0:7) an uncursed wand of digging (0:8) an uncursed wand of digging (0:2) an uncursed wand of digging (0:8) an uncursed wand of digging (0:4) an uncursed wand of fire (0:7) an uncursed wand of fire (0:6) an uncursed wand of fire (0:5) an uncursed wand of fire (0:3) an uncursed wand of light (0:15) an uncursed wand of light (0:15) an uncursed wand of lightning (0:4) an uncursed wand of polymorph (0:5) an uncursed wand of polymorph (0:4) an uncursed wand of secret door detection (0:12) an uncursed wand of slow monster (0:7) an uncursed wand of slow monster (0:3) an uncursed wand of striking (0:8) an uncursed wand of striking (0:7) an uncursed wand of striking (0:6) an uncursed wand of teleportation (0:8) an uncursed wand of teleportation (0:7) an uncursed wand of teleportation (0:7) an uncursed wand of teleportation (0:7) an uncursed wand of wishing (0:1) an uncursed bugle an uncursed frost horn (0:2) an uncursed can of grease (0:5) a blessed magic marker (0:34) an uncursed +0 pick-axe an uncursed partly used tallow candle 2 uncursed tallow candles an uncursed amethyst stone Contents of the oilskin sack named cancellation: an uncursed wand of cancellation (0:7) an uncursed wand of cancellation (0:4) Torpedojuice the Wizard's attributes: Background: You were a Sorceress, a level 19 female elven Wizard. You were lawful, temporarily on a mission for Ptah who was opposed by Thoth (neutral) and Anhur (chaotic). You were actually chaotic. You were in the endgame, on the Astral Plane. You entered the dungeon 33847 turns ago. You had 2613732 experience points, 2506268 more were needed for level 20. Basics: You had 270 out of 290 hit points. You had 234 out of 241 energy points (spell power). Your armor class was -31. Your wallet was empty. Autopickup was off. Final Characteristics: Your strength was 18 (limit:18). Your dexterity was 22 (base:17, peak:18, innate limit:18). Your constitution was 16 (limit:16). Your intelligence was 20 (limit:20). Your wisdom was 20 (limit:20). Your charisma was 12 (limit:18). Final Status: You were temporarily blind. You were not hungry. You were unencumbered. You were wielding a dagger. You had expert skill with dagger. Final Attributes: You were the Glory of Arioch. You were fervently aligned. You were magic-protected. You were fire resistant. You were cold resistant. You were sleep resistant. You were disintegration resistant. You were shock resistant. You were poison resistant. You would have seen invisible when not blind. You were telepathic. You were warned. You had infravision. You were invisible to others. You caused conflict. You could teleport. You had teleport control. You were warded. You took half spell damage. You were very fast. You had reflection. You had free action. Your life would have been saved. You were extremely lucky. You had extra luck. Good luck did not time out for you. You survived. Miscellaneous: You encountered 3 bones levels. Total elapsed playing time was 5 hours, 38 minutes and 6 seconds. Major events: Turn 1: torpedojuice the chaotic female elven Wizard entered the dungeon 689: entered the Gnomish Mines 1070: attained the rank of Conjurer (level 3) 2522: attained the rank of Thaumaturge (level 6) 2931: reached Mine Town 4040: was bestowed with Magicbane by Anhur 5744: entered Sokoban 5997: completed 1st Sokoban level 6500: completed 2nd Sokoban level 6554: attained the rank of Magician (level 10) 6848: completed 3rd Sokoban level 7630: completed 4th Sokoban level 8031: acquired the Sokoban bag of holding 9099: was bestowed with Werebane by Anhur 10161: destroyed nabru's ghost, the former Conjurer 12055: acquired the Mines' End luckstone 12436: was bestowed with Orcrist by Anhur 15877: was chosen to take lives for the Glory of Anhur 15877: was bestowed with spellbook of finger of death 16551: destroyed lurchy's ghost, the former Thaumaturge 18045: entered the Bigroom 18550: made her first wish - "blessed greased greased greased greased greased greased greased greased greased greased greased +2 silver dragon scale mail", got "a greased silver dragon scale mail" 21049: destroyed torpedojuice's ghost, the former Brigand 21050: found Cleaver on the floor 22829: killed Medusa 23712: entered Gehennom 24577: attained the rank of Enchantress (level 14) 27223: wished for "blessed magic marker", got "a magic marker" 28615: killed the Dark One 28617: found the Eye of the Aethiopica on the floor 28618: acquired the Bell of Opening 29232: attained the rank of Sorceress (level 18) 30085: bribed Asmodeus with 25 zorkmids for safe passage 30371: killed Juiblex 30492: bribed Baalzebub with 20 zorkmids for safe passage 30785: killed Orcus 31237: destroyed Vlad the Impaler 31238: acquired the Candelabrum of Invocation 32142: killed the Wizard of Yendor 32144: acquired the Book of the Dead 32209: performed the invocation 32326: killed the high priest of Moloch 32330: acquired The Amulet of Yendor 32444: killed the Wizard of Yendor (2nd time) 32864: killed the Wizard of Yendor (3rd time) 33530: killed the Wizard of Yendor (5th time) 33573: entered the Elemental Planes 33573: entered Plane of Earth 33621: entered Plane of Air 33668: entered Plane of Fire 33715: entered Plane of Water 33782: entered the Astral Plane 33795: killed Pestilence 33817: killed Pestilence (2nd time) 33823: found Frost Brand carried by a monster 33838: killed Famine 33847: ascended Vanquished creatures: Orcus Juiblex the Wizard of Yendor (6 times) Pestilence (twice) Famine Vlad the Impaler 2 arch-liches a high cleric Medusa 2 krakens an iron golem 4 master liches 2 storm giants a glass golem a balrog a purple worm 2 gray dragons a silver dragon 3 red dragons a white dragon an orange dragon 3 black dragons a blue dragon 2 green dragons 15 minotaurs 2 jabberwocks the Dark One a baluchitherium an Angel 4 demiliches a stone golem 4 Olog-hai a Nazgul a pit fiend a hell hound 4 displacer beasts 3 titanotheres a guardian naga 2 disenchanters 14 vampire leaders 4 skeletons 9 aligned clerics 3 captains 5 shades 7 liches 4 nurses 6 ice devils a nalfeshnee a lurker above a frost giant 2 golden nagas 6 black puddings 12 vampires 5 lieutenants 36 ghosts a monk 2 winged gargoyles 6 mind flayers 6 giant mimics 4 long worms 3 zruties 2 fire giants 10 ice trolls 4 rock trolls 3 umber hulks 3 flesh golems 2 elven monarchs 8 hezrous 5 bone devils 7 large mimics 4 stalkers 4 air elementals 2 fire elementals 4 earth elementals 2 water elementals 5 hill giants a giant mummy a black naga 9 xorns 15 giant zombies 3 elf-nobles 6 sergeants 3 barbed devils 3 vrocks a salamander 9 wargs 2 winter wolves 7 hell hound pups 10 small mimics a glass piercer 7 warhorses 3 steam vortices 6 xans 3 ettin mummies 9 quantum mechanics 16 trolls a sasquatch 2 wood golems 3 erinyes 2 mariliths 4 sharks an electric eel a gelatinous cube 2 pyrolisks 3 large dogs a freezing sphere 2 flaming spheres 2 tigers 8 gargoyles a dwarf ruler 14 tengu 5 ochre jellies 3 leocrottas 3 energy vortices 9 stone giants 5 elf mummies 4 human mummies 2 red nagas 2 pythons a cobra 49 wraiths 14 ettin zombies 3 leather golems a Grey-elf 72 soldiers 3 amorous demons 5 horned devils 4 chameleons 6 giant beetles 2 quivering blobs 13 cockatrices 10 wolves 11 winter wolf cubs 2 lynxes 4 panthers 3 gremlins a spotted jelly 9 leprechauns 2 orc-captains 4 iron piercers 10 giant spiders 8 scorpions 3 horses a black light 41 vampire bats 5 forest centaurs 10 gnome rulers 3 orc mummies 4 dwarf mummies 3 brown puddings 7 rust monsters 8 owlbears 8 yetis 3 gold golems 2 werewolves 2 Green-elves 2 piranha 14 giant eels 6 lizards 6 chickatrices 4 dingoes 4 dogs 2 housecats 4 jaguars 3 dwarf leaders 2 blue jellies 4 white unicorns a gray unicorn 6 dust vortices 28 ravens 3 plains centaurs 6 gnome mummies 4 snakes 7 water moccasins 14 apes 18 human zombies 2 rope golems 7 soldier ants 3 fire ants 8 bugbears 3 imps 8 lemures 4 quasits 5 wood nymphs 5 water nymphs 4 mountain nymphs 10 Mordor orcs 16 Uruk-hai 2 orc shamans 7 rock piercers 4 rock moles 5 ponies a fog cloud 10 yellow lights 4 violet fungi 23 gnome leaders 11 gnomish wizards a kobold mummy a red naga hatchling a black naga hatchling a golden naga hatchling a guardian naga hatchling a gray ooze 2 barrow wights 16 elf zombies 12 ghouls 8 straw golems a paper golem 4 jellyfish 17 giant ants 3 little dogs 11 floating eyes 3 kittens 27 dwarves 6 homunculi 4 kobold leaders 2 kobold shamans 29 hill orcs 15 rothes 3 centipedes 11 giant bats 5 monkeys 18 orc zombies 22 dwarf zombies 10 iguanas 39 killer bees 11 acid blobs 14 coyotes 2 gas spores 5 hobbits 7 manes 3 large kobolds 8 hobgoblins 3 giant rats 18 cave spiders a brown mold 5 yellow molds 2 green molds 75 gnomes 8 garter snakes 13 gnome zombies 9 geckos 18 jackals 4 foxes 2 kobolds 5 goblins 5 sewer rats 7 grid bugs 12 bats 7 lichens 15 kobold zombies 13 newts 1645 creatures vanquished. Extinct species: erinyes (extinct) 1 species extinct. Voluntary challenges: You read items or engraved 131 times. You never engraved Elbereth. You never genocided any monsters. You never changed form. You used 2 wishes. You did not wish for any artifacts. You did not violate any of the special Sokoban rules. Achievements: You entered the Gnomish Mines. You attained the rank of Conjurer. You attained the rank of Thaumaturge. You entered Minetown. You entered a shop. You entered a temple. You entered Sokoban. You attained the rank of Magician. You completed Sokoban. You completed the Gnomish Mines. You learned the tune to open and close the Castle's drawbridge. You entered the Big Room. You defeated Medusa. You entered Gehennom. You attained the rank of Enchantress. You had the Bell of Opening. You attained the rank of Sorceress. You handled the Candelabrum of Invocation. You handled the Book of the Dead. You gained access to Moloch's Sanctum. You reached the Elemental Planes. You reached the Astral Plane. You delivered the Amulet of Yendor. You ascended! The Elemental Planes: Astral Plane: <- You are here. Some temples. Plane of Water: Plane of Fire: Plane of Air: Plane of Earth: The Dungeons of Doom: levels 1 to 27 Level 1: A fountain. One way stairs up to The Elemental Planes. Level 2: Stairs down to The Gnomish Mines. Level 3: A fountain. Level 4: Level 5: A fountain. Level 6: A fountain. Oracle of Delphi. Level 7: Stairs up to Sokoban, level 6. Level 8: "+* unihorns 0 by _" An altar. Level 9: A general store, a grave. Final resting place for lurchy-Wiz-Elf-Mal-Cha, choked on a food ration. Level 10: Some shops. Level 11: A fountain, a sink. Level 12: "polytrap 0" Many trees. A very big room. Level 13: Some fountains. Portal to The Quest. Level 14: An armor shop, an altar, a fountain. Level 15: "backup SDSM" A temple to Ptah. Level 16: "polytrap 0" Level 17: Level 18: A primitive area. Level 19: A sink. Level 20: "barracks, crap stash >" Level 21: "+oMagicMiss,CreateMonster,Fireball, /oSpeedMonster >" A fountain. Final resting place for torpedojuice-Bar-Orc-Mal-Cha, killed by a displacer beast. Level 22: Some fountains, many trees. Level 23: A fountain, many trees. Level 24: Level 25: Level 26: Level 27: A fountain. The castle. Connection to Gehennom. Gehennom: levels 28 to 49 Level 28: "crap wand stash" A temple, many graves. Valley of the Dead. Level 29: Level 30: Level 31: Level 32: Level 33: A fountain. Level 34: Level 35: Level 36: Level 37: Level 38: An untended shop, an altar, some graves. Level 39: Stairs up to Vlad's Tower, level 38. Level 40: Level 41: Level 42: Level 43: Level 44: Level 45: Level 46: Level 47: Level 48: Level 49: A temple, many graves. Moloch's Sanctum. The Gnomish Mines: levels 3 to 11 Level 3: "sell stash >" Level 4: Level 5: "marker, stetho, ?oEA" Many shops, a temple, many fountains. Level 6: A grave. Final resting place for nabru-Wiz-Elf-Fem-Cha, killed by a dagger. Level 7: Level 8: "polytrap" Level 9: Level 10: Level 11: The Quest: levels 1 to 5 Level 1: Completed quest for Neferet the Green. Level 2: Level 3: Level 4: Level 5: A temple. Sokoban: levels 6 up to 3 Level 3: Solved. Level 4: Solved. Level 5: Solved. Level 6: "force bolt, magic mapping, identify books" Solved. Vlad's Tower: levels 38 up to 36 Level 36: Level 37: Level 38: Goodbye torpedojuice the Demigoddess... You went to your reward with 842438 points, Magicbane (worth 3500 zorkmids and 8750 points) The Eye of the Aethiopica (worth 4000 zorkmids and 10000 points) The Bell of Opening (worth 5000 zorkmids and 12500 points) and 0 pieces of gold, after 33847 moves. You were level 19 with a maximum of 290 hit points when you ascended.